AoeStats
← Lukas

Arena

506469739Analyzed
2v2 RM · 20d ago on Sep 13, 2026· 33m 16s· 4 players
Game mode
Random Map
Map size
Medium (4 player)
Population
200
Speed
Normal
Resources
Standard
Victory
Conquest
Starting age
Dark Age
Ending age
Imperial Age
RankedLock teamsTeams togetherTeam positionsShared explorationLock speedFull tech treeHidden civsTurbo modeCheats
Victory
Defeat
🇨🇿 Teutons · Czechia
936
+15
🇹🇷 Magyars · Türkiye
934
+15
🇨🇿 Japanese · Czechia
909
-42
🇨🇿 Franks · Czechia
909
-42
汉Wheesin汉
11:50 Feudal Age
12:47 Double-Bit Axe
13:43 Wheelbarrow
20:23 Castle Age
18:12 Loom
19:41 Stone Mining
21:51 Hand Cart
32:34 Imperial Age
Lukas
6:47 Loom
12:30 Feudal Age
13:31 Double-Bit Axe
15:41 Horse Collar
19:05 Castle Age
18:01 Wheelbarrow
18:14 Stone Mining
20:33 Bow Saw
21:49 Crossbowman
26:38 Hand Cart
maximilian
10:49 Feudal Age
11:21 Horse Collar
11:28 Double-Bit Axe
16:44 Gold Mining
19:28 Castle Age
17:30 Stone Mining
20:42 Bow Saw
20:33 Heavy Plow
23:30 Gold Shaft Mining
23:23 Husbandry
23:25 Fletching
23:41 Scale Barding Armor
26:38 Wheelbarrow
26:58 Bodkin Arrow
32:35 Imperial Age
30:24 Bloodlines
30:24 Thumb Ring
31:18 Hand Cart
30:50 Town Watch
31:43 Scale Mail Armor
32:29 Ballistics
31:51 Treadmill Crane
32:23 Masonry
33:08 Chain Barding Armor
32:54 Pikeman
poruba15
0:27 Loom
14:29 Feudal Age
15:23 Double-Bit Axe
15:47 Horse Collar
19:13 Castle Age
18:17 Stone Mining
19:37 Gold Mining
21:19 Stone Shaft Mining
22:17 Bow Saw
22:15 Heavy Plow
23:58 Wheelbarrow
23:23 Fletching
28:28 Imperial Age
26:13 Bodkin Arrow
27:32 Hand Cart
27:03 Town Watch
31:42 Town Patrol
Connection lost

Rejoining the realm…

Still unreachable

The connection could not be restored.

Session expired

The server has moved on; the page needs a fresh start.